Map: [TLMC15] Glittering Ashes

Players

LiquidClem (Clem) - Winner!

  • Race: Terran Terran
  • League: Master

Serral

  • Race: Zerg Zerg
  • League: Master

Event: StayAtHome Story Cup #4

VOD

Have the link to the VOD?

Description

Time

  • Played on: Oct. 24, 2021, 1:20 p.m.
  • Length: 20:27

All games in this series

Show
View Real Time Build Order
Export as new Build Order

LiquidClem Terran - Winner!

Build Orders: Reaper Expand, Hellion Banshee 

Get SALT Encoding   

  12  0:00  SCV  
  13  0:12  SCV  
  14  0:17  Supply Depot  
  14  0:24  SCV  
  15  0:38  SCV  
  15  0:40  Barracks  
  16  0:43  Refinery  
  16  0:50  SCV  
  17  1:02  SCV  
  18  1:15  SCV  
  19  1:26  Reaper  
  19  1:27  Orbital Command  
  20  1:38  Command Center  
  20  1:48  Supply Depot  
  20  1:52  SCV  
  21  1:58  Marine  
  22  2:04  SCV  
  23  2:11  Factory  
  23  2:17  SCV  
  23  2:20  Barracks Reactor  
  24  2:29  SCV  
  25  2:38  Command Center  
  25  2:41  SCV  
  26  2:52  Orbital Command  
  26  2:53  SCV  
  26  2:58  Refinery  
  27  3:03  Starport  
  27  3:07  SCV  
  27  3:10  Hellion  
  30  3:15  Hellion  
  30  3:18  SCV  
  33  3:20  SCV  
  33  3:22  Barracks Tech Lab  
  34  3:30  SCV  
  34  3:32  SCV, Hellion  
  38  3:37  Hellion  
  40  3:42  SCV  
  40  3:44  SCV  
  40  3:46  Banshee  
  45  3:51  Cloaking Field, Orbital Command  
  45  3:55  SCV  
  46  3:57  SCV  
  46  3:59  Hellion  
  46  4:02  Hellion  
  51  4:07  SCV  
  51  4:09  SCV  
  53  4:13  Supply Depot  
  53  4:18  SCV  
  53  4:19  SCV  
  53  4:21  SCV, Hellion  
  53  4:24  Hellion  
  60  4:30  SCV  
  61  4:34  Banshee, SCV x2  
  61  4:37  Supply Depot  
  66  4:38  Barracks Tech Lab  
  66  4:42  SCV  
  66  4:43  Barracks  
  67  4:46  SCV x2  
  67  4:52  Armory  
  69  4:58  Refinery, Orbital Command  
  69  4:59  Supply Depot, Hellion x2  
  73  5:01  Supply Depot, Refinery, Stimpack  
  73  5:03  SCV  
  73  5:04  Marine  
  73  5:05  SCV  
  76  5:17  SCV  
  77  5:22  Marine  
  77  5:23  SCV, Hellion x2  
  78  5:30  Barracks  
  78  5:31  Barracks Reactor  
  78  5:33  SCV  
  78  5:34  Engineering Bay  
  79  5:37  SCV  
  79  5:40  Starport Reactor  
  79  5:41  Engineering Bay  
  79  5:42  Marine  
  81  5:43  SCV  
  81  5:46  Barracks  
  81  5:48  Barracks, Hellion  
  86  5:50  Hellion  
  86  5:55  SCV x2  
  88  6:00  Marine  
  89  6:05  SCV  
  89  6:08  Marine  
  89  6:09  SCV  
  88  6:12  Hellion  
  88  6:16  Widow Mine, Terran Infantry Weapons Level 1, Terran Infantry Armor Level 1  
  88  6:18  SCV, Marine  
  77  6:19  Medivac x2  
  77  6:20  Marine  
  77  6:21  SCV  
  77  6:22  SCV  
  77  6:23  Marine  
  77  6:24  Supply Depot  
  83  6:28  Marine  
  83  6:30  SCV  
  85  6:33  SCV  
  85  6:34  SCV  
  88  6:40  Barracks Reactor x2  
  88  6:42  Widow Mine x2, Barracks Reactor, SCV  
  88  6:45  Supply Depot x2, SCV  
  88  6:46  Marine  
  88  6:47  SCV, Marine  
  95  6:49  Marine  
  95  6:51  Supply Depot  
  95  6:52  Combat Shield  
  97  6:55  Factory  
  97  6:56  SCV  
  97  7:01  Medivac  
  101  7:06  SCV, Marine x3  
  101  7:07  Widow Mine x2, Refinery  
  109  7:11  Command Center  
  109  7:14  Supply Depot  
  109  7:15  Refinery  
  108  7:17  Marine x2  
  108  7:19  Medivac  
  108  7:22  Marine x2  
  114  7:27  Supply Depot, Marine x4  
  114  7:28  Marine  
  114  7:29  Supply Depot  
  119  7:32  Widow Mine x2  
  119  7:33  Medivac  
  119  7:35  Marine x2  
  121  7:37  Missile Turret  
  121  7:38  Missile Turret x2  
  121  7:40  Drilling Claws  
  121  7:46  Widow Mine, Supply Depot, Marine  
  121  7:50  Marine x3  
  127  7:51  Marine  
  127  7:54  Widow Mine  
  127  7:57  Supply Depot  
  130  7:59  Marine  
  130  8:05  Widow Mine, Marine x4  
  130  8:07  Marine, Medivac  
  130  8:08  Widow Mine, Marine  
  134  8:12  Medivac  
  134  8:13  Marine  
  134  8:15  SCV  
  135  8:20  Widow Mine  
  135  8:21  Marine  
  135  8:22  Marine  
  142  8:27  Widow Mine  
  142  8:28  Marine  
  142  8:33  Widow Mine, Marine x2  
  142  8:34  Marine  
  147  8:36  Barracks Reactor  
  147  8:37  Marine, Medivac  
  147  8:38  SCV  
  147  8:39  SCV  
  147  8:40  Marine  
  146  8:42  Widow Mine  
  146  8:44  Marine, Medivac  
  146  8:46  Marine  
  152  8:51  Marine  
  152  8:53  SCV  
  152  8:54  SCV x2  
  156  8:58  Widow Mine  
  156  8:59  Supply Depot  
  156  9:00  Terran Infantry Weapons Level 2  
  156  9:04  Missile Turret, Marine x2  
  156  9:05  SCV  
  156  9:06  SCV  
  157  9:11  Marine x2  
  157  9:12  Marine  
  157  9:13  Widow Mine, Marine x2  
  157  9:14  Marine  
  157  9:15  Marine  
  157  9:16  Widow Mine  
  157  9:17  SCV  
  157  9:19  Planetary Fortress  
  157  9:22  Marine x2  
  160  9:29  Marine x2  
  152  9:32  Marine x2  
  152  9:36  Widow Mine, Marine x2  
  152  9:37  Thor, Marine  
  158  9:40  Terran Infantry Armor Level 2  
  158  9:44  Marine x2  
  160  9:47  Marine x2  
  160  9:49  SCV  
  160  9:50  SCV  
  160  9:51  SCV  
  163  9:53  Widow Mine, Medivac  
  163  9:56  Marine x2  
  163  9:58  SCV  
  170  10:01  Marine x3  
  170  10:02  SCV  
  170  10:06  Marine x2  
  168  10:08  Widow Mine, Medivac  
  168  10:11  Marine  
  168  10:14  Marine x3  
  173  10:19  Marine x3  
  176  10:24  SCV  
  176  10:26  SCV  
  176  10:27  Thor  
  176  10:28  Widow Mine  
  181  10:29  Missile Turret  
  181  10:36  Widow Mine  
  181  10:40  SCV  
  175  10:44  Medivac  
  175  10:45  Marine, Medivac  
  175  10:46  Marine x5  
  175  10:49  Widow Mine, Marauder  
  185  10:50  SCV x2  
  185  10:51  Marine  
  185  10:56  SCV  
  181  10:57  Missile Turret, Marine  
  181  11:03  Widow Mine, Marine  
  181  11:04  Terran Vehicle And Ship Armor Level 1, Marine  
  185  11:07  Marine  
  185  11:08  Barracks  
  185  11:10  Marine  
  185  11:11  Barracks, Marine x2  
  188  11:25  Marine x2  
  188  11:26  Marine x3  
  188  11:29  Terran Infantry Weapons Level 3  
  188  11:39  Marine x2  
  188  11:40  Command Center  
  188  11:41  Widow Mine  
  188  11:52  SCV x2, Marine x2, Medivac  
  188  11:53  Marine  
  188  11:54  Marine  
  188  11:57  Barracks Tech Lab  
  188  12:01  Barracks Tech Lab  
  188  12:04  Marine x2  
  188  12:08  Missile Turret  
  188  12:09  Widow Mine x2, Supply Depot, Marauder  
  188  12:10  Widow Mine  
  188  12:11  Supply Depot  
  188  12:14  Terran Infantry Armor Level 3  
  188  12:21  Marine x2, Medivac  
  188  12:22  Marine  
  188  12:27  Missile Turret  
  188  12:28  SCV  
  188  12:29  SCV x2, Marine  
  187  12:30  Marine  
  187  12:31  Widow Mine x3, Marauder x2  
  187  12:33  Marine  
  184  12:37  SCV  
  184  12:38  Marine x2  
  184  12:40  SCV  
  184  12:41  SCV  
  184  12:42  SCV  
  186  12:44  Missile Turret  
  186  12:46  Marine x2  
  186  12:49  SCV  
  186  12:51  Medivac  
  185  12:52  Widow Mine x3, Marauder  
  185  12:56  SCV  
  185  12:57  Missile Turret  
  188  12:59  SCV  
  189  13:06  Concussive Shells  
  189  13:07  Marauder x2  
  189  13:11  SCV  
  189  13:12  SCV  
  195  13:13  Widow Mine x2, Marine  
  196  13:28  Missile Turret  
  196  13:29  Planetary Fortress  
  196  13:31  Missile Turret  
  196  13:33  SCV x3, Refinery  
  199  13:37  Missile Turret  
  199  13:38  Marine  
  199  13:39  Missile Turret  
  200  13:44  Marine  
  200  13:47  Marine  
  200  13:48  Marine x2  
  200  13:49  SCV  
  200  13:50  SCV  
  200  14:01  Terran Vehicle And Ship Armor Level 2  
  198  14:18  Marine x2, Marauder x2  
  198  14:22  SCV, Missile Turret  
  194  14:31  Widow Mine  
  194  14:37  Widow Mine  
  187  14:39  Marauder  
  187  14:41  Marine x2  
  187  14:42  SCV  
  187  14:45  SCV x2, Missile Turret  
  180  14:46  Command Center  
  180  14:47  Missile Turret  
  180  14:52  Widow Mine, Marine x2  
  177  14:55  SCV  
  177  14:58  SCV  
  177  14:59  SCV  
  180  15:01  Marauder  
  180  15:04  Widow Mine  
  184  15:09  Widow Mine, Marine x2  
  184  15:14  Widow Mine  
  186  15:18  SCV  
  186  15:20  SCV  
  181  15:22  Marauder, Marine x6  
  181  15:25  Widow Mine  
  184  15:30  Widow Mine, Marine  
  184  15:34  Orbital Command  
  163  15:44  Marine  
  158  15:51  Marine  
  159  15:59  Marine  
  159  16:11  SCV  
  145  16:20  Marine  
  145  16:23  Marine  
  139  16:36  Marine  
  140  16:52  Widow Mine  
  140  17:27  Supply Depot  
  140  17:28  Supply Depot  
  121  17:50  Marine x2  
  119  17:52  Widow Mine  
  119  17:53  Widow Mine  
  115  18:07  Marine x2  
  116  18:13  Widow Mine  
  116  18:14  Widow Mine  
  119  18:25  Marine x2  
  113  18:43  Marine  
  113  18:44  Marauder  
  110  19:43  Orbital Command  
Show
View Real Time Build Order
Export as new Build Order

Serral Zerg 

Build Orders: Hatch First 

Get SALT Encoding   

  12  0:00  Drone  
  13  0:12  Overlord  
  13  0:17  Drone  
  14  0:30  Drone x2  
  16  0:47  Hatchery  
  15  0:50  Drone  
  15  0:54  Drone  
  17  0:58  Drone  
  18  1:09  Extractor  
  17  1:12  Spawning Pool  
  17  1:15  Drone  
  17  1:19  Drone  
  18  1:27  Drone  
  19  1:38  Drone  
  20  1:48  Drone  
  21  1:58  Queen  
  21  1:59  Queen, Zergling x2  
  21  2:00  Zergling x2  
  27  2:11  Overlord  
  27  2:12  Drone  
  28  2:22  Hatchery  
  27  2:25  Drone  
  28  2:30  Drone  
  28  2:34  Drone  
  30  2:37  Metabolic Boost  
  30  2:39  Drone  
  31  2:46  Queen  
  33  2:52  Overlord  
  33  2:54  Drone x2  
  33  2:57  Drone  
  35  3:05  Overlord  
  35  3:13  Drone x3  
  35  3:14  Drone  
  35  3:16  Queen  
  42  3:20  Drone  
  42  3:23  Zergling x2  
  42  3:25  Queen  
  45  3:31  Drone  
  45  3:32  Drone  
  47  3:35  Queen  
  47  3:41  Drone x2  
  51  3:42  Overlord  
  51  3:45  Drone  
  52  3:49  Zergling x4  
  52  3:50  Drone  
  52  3:52  Drone  
  56  3:57  Overlord, Zergling x2  
  57  4:03  Queen  
  57  4:05  Drone x4  
  57  4:08  Zergling x2  
  64  4:13  Overlord  
  64  4:14  Drone  
  65  4:18  Overlord  
  65  4:20  Drone  
  65  4:22  Drone  
  67  4:28  Lair  
  67  4:30  Extractor  
  67  4:31  Extractor  
  65  4:33  Zergling x2  
  65  4:34  Drone x5  
  71  4:43  Zergling x2  
  71  4:44  Drone x2  
  71  4:45  Drone x2  
  76  4:47  Drone  
  76  4:48  Baneling Nest  
  76  4:52  Spore Crawler x3  
  74  4:54  Extractor  
  74  4:55  Drone x2  
  74  5:00  Zergling x2  
  74  5:02  Drone  
  74  5:04  Drone  
  77  5:08  Zergling x2  
  77  5:12  Zergling x2  
  77  5:15  Drone  
  78  5:27  Zergling x14  
  79  5:30  Drone x3  
  79  5:35  Overseer, Spore Crawler, Spire, Extractor x2, Drone  
  78  5:38  Drone  
  78  5:40  Drone  
  78  5:42  Centrifugal Hooks  
  80  5:45  Hatchery, Drone  
  80  5:50  Drone  
  80  5:51  Drone  
  82  5:57  Baneling x2  
  82  5:58  Queen x2  
  82  6:01  Drone x4  
  83  6:14  Drone x9  
  89  6:21  Zergling x2  
  89  6:25  Zergling x4  
  89  6:30  Zergling x4  
  89  6:41  Overlord x2  
  89  6:45  Overlord  
  89  6:58  Overlord  
  89  7:00  Drone  
  89  7:01  Overlord  
  89  7:03  Mutalisk x5  
  89  7:07  Mutalisk x3  
  89  7:08  Mutalisk x2  
  109  7:12  Zergling x10  
  114  7:21  Evolution Chamber  
  113  7:23  Overseer, Evolution Chamber  
  113  7:28  Hatchery  
  111  7:33  Drone x4  
  111  7:35  Baneling x9, Zergling x6  
  111  7:36  Zergling x6  
  121  7:44  Overlord  
  121  7:48  Baneling x8  
  121  7:49  Overlord x2  
  121  7:58  Pneumatized Carapace  
  121  8:04  Zergling x18  
  128  8:08  Baneling x5  
  124  8:15  Zergling x4  
  124  8:16  Zergling x16  
  132  8:22  Baneling  
  132  8:26  Zergling x18  
  138  8:33  Zerg Ground Armor Level 1, Zerg Melee Weapons Level 1  
  138  8:37  Overseer  
  132  8:41  Baneling x3  
  132  8:42  Baneling x3  
  132  8:43  Zergling x12  
  132  8:47  Baneling x6  
  138  8:52  Mutalisk x2  
  128  9:13  Mutalisk  
  128  9:14  Mutalisk x4  
  135  9:17  Zergling x16  
  135  9:23  Baneling x2  
  131  9:31  Mutalisk x3  
  131  9:37  Baneling  
  131  9:38  Baneling x3, Zergling x12  
  141  9:43  Baneling x4  
  141  9:48  Overlord  
  141  9:49  Overlord x2  
  141  9:50  Overlord x4  
  141  9:57  Baneling x8  
  140  10:05  Zergling x20  
  138  10:08  Overseer, Baneling  
  138  10:15  Zergling x2  
  138  10:16  Zergling x20  
  138  10:19  Baneling x6  
  149  10:26  Zergling x2  
  149  10:27  Zergling x14  
  147  10:44  Mutalisk  
  147  10:45  Mutalisk x4  
  147  10:47  Zergling x16  
  161  10:51  Baneling  
  161  10:52  Baneling x4  
  161  10:57  Overlord  
  161  10:58  Drone x3  
  161  11:02  Drone x2  
  166  11:05  Baneling x4  
  166  11:10  Overlord  
  162  11:20  Zergling x10  
  162  11:21  Zergling x8  
  162  11:24  Baneling x4  
  165  11:27  Drone x5  
  165  11:32  Zergling x22  
  179  11:44  Spore Crawler, Zerg Ground Armor Level 2, Zerg Melee Weapons Level 2  
  178  11:48  Baneling x7  
  175  12:01  Zergling x26  
  172  12:16  Mutalisk x7  
  172  12:18  Zergling x14  
  189  12:25  Baneling x5  
  189  12:29  Zergling x8  
  193  12:30  Zergling x4  
  185  12:38  Zergling x18  
  185  12:42  Zergling x8  
  180  12:51  Zergling x6  
  180  12:52  Zergling x8  
  186  13:02  Baneling x4  
  186  13:04  Drone x2  
  186  13:05  Zergling x22  
  199  13:07  Baneling  
  199  13:08  Baneling x13  
  196  13:21  Zergling x8  
  197  13:34  Spore Crawler  
  197  13:36  Drone x3  
  197  13:37  Baneling x8  
  197  13:38  Infestation Pit  
  197  13:39  Zerg Flyer Weapons Level 1  
  197  13:40  Hatchery  
  195  13:47  Hatchery  
  194  13:49  Overlord  
  194  13:50  Overseer  
  194  14:01  Zergling x6  
  180  14:21  Zergling x48  
  158  14:34  Mutalisk x12  
  181  14:40  Baneling x4  
  181  14:45  Zergling x14  
  183  14:51  Zergling x2  
  183  14:52  Zergling x10  
  183  14:56  Baneling x6  
  172  15:01  Overseer  
  172  15:02  Zergling x8  
  175  15:13  Zergling x10  
  179  15:16  Baneling x3  
  179  15:20  Zergling x4  
  179  15:24  Baneling x2  
  179  15:25  Baneling x6  
  175  15:29  Zergling x8  
  175  15:34  Zergling x2  
  161  15:38  Zergling x2  
  156  15:48  Zergling x4  
  148  15:53  Drone x3  
  144  16:01  Zergling x2  
  144  16:02  Zergling x2  
  140  16:18  Zergling x2  
  130  16:33  Spawning Pool  
  129  16:42  Drone x3  
  129  16:43  Hatchery  
  131  16:58  Spawning Pool  
  120  17:33  Drone  
  120  17:34  Drone x2  
  111  17:44  Hatchery  
  100  18:01  Drone  
  100  18:06  Drone x4  
  100  18:07  Drone  
  100  18:17  Hatchery  
  100  18:19  Zergling x6  
  103  18:29  Hatchery  
  103  18:34  Baneling Nest  
  93  19:18  Baneling x9  
  93  19:19  Baneling x11  
  73  19:41  Drone  
  73  19:42  Drone  
  75  20:05  Drone x2  
  77  20:07  Hatchery  
Tags
 
Add a new tag
Caveats
  • Supply blocks, unpowered buildings, or Contaminate may cause inaccurate times.
  • Supply counts are checked every 10 seconds.